 Dungeon Crawl Stone Soup version 0.27-a0-1503-g3203f14 (webtiles) character file.

Game seed: 5968079899649289912

601 Meow the Firebug (level 7, 3/55 HPs)
             Began as a Naga Fire Elementalist on July 8, 2021.
             Quit the game on level 4 of the Dungeon.
             The game lasted 00:17:10 (3666 turns).

Meow the Firebug (Naga Fire Elementalist)           Turns: 3666, Time: 00:17:10

Health: 3/55       AC:  4    Str: 10    XL:     7   Next: 41%
Magic:  4/13       EV:  9    Int: 18    God:
Gold:   137        SH:  0    Dex: 11    Spells: 6/14 levels left

rFire    + . .     SeeInvis +   (no weapon)
rCold    x . .     Faith    .   (no shield)
rNeg     . . .     Spirit   .   a - +0 robe
rPois    +         Reflect  .   n - +0 helmet
rElec    .         Harm     .   (no cloak)
rCorr    .         Rampage  .   (no gloves)
Will     .....                  (no barding)
Stlth    ++........             (no amulet)
HPRegen  0.18/turn              l - ring of fire
MPRegen  0.13/turn              (no ring)

@: short of breath, very slow
A: AC +2, large, see invisible, deformed body, poison resistance, slowness 2,
spit poison 1, naga tail 1
a: Spit Poison


You were on level 4 of the Dungeon.
You visited 1 branch of the dungeon, and saw 4 of its levels.

You collected 170 gold pieces.
You spent 33 gold pieces at shops.

Inventory:

Missiles
 b - 346 stones
 f - 22 poisoned darts
 u - 12 arrows
 v - 23 sling bullets
Armour
 a - a +0 robe (worn)
 n - a +0 helmet (worn)
 r - a +2 cloak
Jewellery
 l - a ring of fire (left hand)
 w - a ring of see invisible
Wands
 e - a wand of flame (18)
Scrolls
 c - a scroll of silence {unknown}
 d - a scroll of amnesia
 i - a scroll of brand weapon {unknown}
 j - 2 scrolls of teleportation
 t - a scroll of enchant armour
Potions
 g - a potion of heal wounds {unknown}
 h - a potion of resistance {unknown}
 k - a potion of might {unknown}
 m - 2 potions of invisibility {unknown}
 o - a potion of attraction {unknown}
 p - a potion of lignification {unknown}
 q - a potion of curing {unknown}
 s - a potion of flight {unknown}


   Skills:
 - Level 1.5 Dodging
 - Level 3.0 Stealth
 + Level 4.4 Spellcasting
 + Level 4.4 Conjurations
 + Level 5.3 Fire Magic


You had 6 spell levels left.
You knew the following spells:

 Your Spells              Type           Power      Damage    Failure   Level
a - Foxfire               Conj/Fire      100%       2x1d9     1%          1
t - Sticky Flame          Conj/Fire      32%        2d5       19%         4
C - Conjure Flame         Conj/Fire      32%        6-21      5%          3

Your spell library contained the following spells:

 Spells                   Type           Power      Damage    Failure   Level
 Shock                    Conj/Air       48%        1d6       5%          1
 Inner Flame              Hex/Fire       20%        N/A       14%         3
 Swiftness                Air            4%         N/A       38%         3
 Fireball                 Conj/Fire      16%        3d8       45%         5
 Airstrike                Air            2%         N/A       80%         4


Dungeon Overview and Level Annotations

Branches:
Dungeon (4/15)
 Temple: D:4-7

Altars:
Qazlal
Yredelemnul

Shops:
D:1 ?   D:2 !


Innate Abilities, Weirdness & Mutations

Your serpentine skin is tough. (AC +2)
You have supernaturally acute eyesight. (SInv)
Armour fits poorly on your strangely shaped body.
Your system is resistant to poisons. (rPois)
You cover ground very slowly.
You can spit poison.
You have a snake-like lower body.


Message History

You kill the gnoll!
The gnoll barely misses you. x2; The gnoll hits you but does no damage.
Unknown command.
Casting: Foxfire (safe; 1% risk of failure)
Confirm with . or Enter, or press ? or * to list all spells.
You feel a surge of power!
You conjure some foxfire!
The gnoll closely misses you.
The gnoll hits you from afar with a +0 spear.
The gnoll hits you from afar with a +0 halberd!
Unknown command.
Unknown command.
Casting: Foxfire (safe; 1% risk of failure)
Confirm with . or Enter, or press ? or * to list all spells.
You feel a surge of power!
You conjure some foxfire!
You have got your breath back.
The foxfire hits the gnoll.
The gnoll is severely wounded.
The foxfire hits the gnoll but does no damage.
The gnoll is moderately wounded.
The gnoll hits you from afar with a +0 spear.
The gnoll hits you from afar with a +0 spear!
The gnoll hits you from afar with a +0 halberd!
* * * LOW HITPOINT WARNING * * *
Unknown command.
Unknown command.
The foxfire hits the gnoll.
The gnoll is heavily wounded.
The foxfire hits the gnoll!
You kill the gnoll!
The gnoll hits you from afar with a +0 spear.
* * * LOW HITPOINT WARNING * * *
Unknown command.
Okay, then.
You kill the gnoll!
Press: ? - help, Shift-Dir - straight line, f - gnoll
Aim: a gnoll, wielding a +0 spear (severely wounded)
The splash of poison hits the gnoll.
The gnoll is poisoned.
The gnoll is almost dead.
You kill the gnoll!
Are you sure you want to abandon this character and quit the game? (Confirm with "yes".)

≈≈≈≈≈≈≈≈≈≈≈≈≈≈≈≈≈≈≈≈≈
≈≈≈≈≈≈≈≈≈≈≈≈≈≈≈≈≈≈≈≈≈
≈≈≈≈≈≈≈≈≈≈≈≈≈≈≈≈≈≈≈≈≈
######################
#......## ##.....#....
#..).[..###......').).
#+##........#.......#####
#.))........#............
#...).).@...'...)....)...
#.†)........#............
#'##........#...)...#####
#$$
#.......###......))...


#gg #).....## ##.....#)... #$$ ######## ########### ### There were no monsters
in sight!

Vanquished Creatures
  A scorpion (D:4)
  A water moccasin zombie (D:4)
  A centaur skeleton (D:4)
  2 hounds
  2 orc priests (D:3)
  An iguana (D:4)
  A hound skeleton (D:4)
  5 adders
  10 gnolls (D:4)
  An ufetubus (D:4)
  An adder skeleton (D:2)
  3 worms
  3 dart slugs
  12 orcs
  6 ball pythons
  6 bats
  6 endoplasms
  3 giant cockroaches
  23 goblins
  13 hobgoblins
  7 jackals
  12 kobolds
  A quokka (D:3)
  2 frilled lizards (D:3)
  4 rats
127 creatures vanquished.

Vanquished Creatures (others)
  275 foxfires
275 creatures vanquished.

Grand Total: 402 creatures vanquished

Notes
Turn   | Place    | Note
-------+----------+-------------------------------------------
     0 | D:1      | Meow the Naga Fire Elementalist began the quest for the
                  | Orb.
     0 | D:1      | Reached XP level 1. HP: 15/15 MP: 3/3
   169 | D:1      | Found Rifreita's Magic Scroll Boutique.
   190 | D:1      | Reached XP level 2. HP: 20/22 MP: 0/5
   825 | D:1      | Bought a scroll of teleportation for 33 gold pieces
   936 | D:2      | Reached XP level 3. HP: 28/28 MP: 6/6
  1003 | D:2      | Found Bawaf's Distillery.
  1346 | D:2      | Reached XP level 4. HP: 36/36 MP: 3/8
  1392 | D:2      | Found a faded altar of an unknown god.
  1855 | D:3      | Reached skill level 4 in Fire Magic
  1857 | D:3      | Reached XP level 5. HP: 42/42 MP: 4/9
  2820 | D:4      | Reached XP level 6. HP: 46/49 MP: 7/11
  2825 | D:4      | Learned a level 4 spell: Sticky Flame
  2829 | D:4      | Learned a level 3 spell: Conjure Flame
  3231 | D:4      | Found a basalt altar of Yredelemnul.
  3283 | D:4      | Found a stormy altar of Qazlal.
  3357 | D:4      | Reached skill level 5 in Fire Magic
  3366 | D:4      | Reached XP level 7. HP: 55/55 MP: 5/13
  3666 | D:4      | Quit the game

Illustrated notes

Levels and vault maps discovered:
D:1:      lemuel_arrival_tunnels, layout_basic, serial_shops, shop_statue
D:2:      layout_basic, shapermc_ecumenical_altar_ellora, serial_shops,
          nicolae_shop_crystal
D:3:      layout_basic
D:4:      minmay_goblin_kobold_castle, layout_loops_ring,
          mainiacjoe_overflow_24_doors, mainiacjoe_overflow_brackets,
          roderic_three_in_a_row, kennysheep_generic_room_5

Skill      XL: |  1  2  3  4  5  6 |
---------------+-------------------+-----
Conjurations   | 2 3 4 |  4.4
Spellcasting   | 3 4 |  4.4
Fire Magic     | 4 5 |  5.3
Dodging        | |  1.5
Stealth        | |  3.0

Action                   |  1- 3 |  4- 6 |  7- 9 || total
-------------------------+-------+-------+-------++-------
 Cast: Foxfire           |    40 |    99 |    35 ||   174
 Abil: Spit Poison       |    29 |    34 |    11 ||    74
  Use: Scroll            |       |     3 |       ||     3
Armor: Robe              |     5 |    21 |     2 ||    28
Dodge: Dodged            |    16 |    16 |    20 ||    52

Table legend: (Time is in decaauts)
 A = Elapsed time spent in this place.
 B = Non-inter-level travel time spent in this place.
 C = Inter-level travel time spent in this place.
 D = Time resting spent in this place.
 E = Time spent auto-exploring this place.
 F = Levels seen in this place.
 G = Mean time per level.
                   A        B        C        D        E       F      G
               +--------+--------+--------+--------+--------+-----+--------+
         Total |   4639 |   4543 |     96 |    807 |   2928 |   4 | 1159.8 |
       Dungeon |   4639 |   4543 |     96 |    807 |   2928 |   4 | 1159.8 |
               +--------+--------+--------+--------+--------+-----+--------+

Top non-repeatable levels by time:
     D:3: 1234 daAuts
     D:1: 1165 daAuts
     D:2: 1157 daAuts
     D:4: 1081 daAuts
